Map: Ultralove

Players

ºKy

  • Race: Zerg Zerg
  • League: Master
  • Spawn Location: 1:00

pOchOlO - Winner!

  • Race: Protoss Protoss
  • League: Master
  • Spawn Location: 7:00

VOD

Have the link to the VOD?

Description

Time

  • Played on: July 6, 2025, 4:31 p.m.
  • Length: 16:06
Show
View Real Time Build Order
Export as new Build Order

ºKy Zerg 

Build Orders: Hatch First, Lurkers 

Get SALT Encoding   

  12  0:00  Drone  
  13  0:08  Drone  
  14  0:18  Drone, Extractor  
  15  0:23  Overlord  
  15  0:45  Drone  
  15  0:48  Drone  
  17  0:51  Hatchery  
  17  0:55  Drone  
  17  0:58  Drone  
  18  1:09  Extractor  
  17  1:14  Spawning Pool  
  17  1:16  Drone  
  17  1:23  Drone  
  18  1:28  Drone  
  19  1:49  Overlord  
  19  2:03  Zergling x4  
  19  2:05  Queen x2  
  25  2:15  Metabolic Boost  
  25  2:18  Drone x2  
  27  2:30  Drone x3  
  30  2:40  Hatchery  
  29  2:45  Drone  
  29  2:46  Drone  
  30  3:09  Overlord  
  30  3:10  Drone x4  
  30  3:12  Overlord  
  34  3:21  Zergling x2  
  34  3:23  Overlord  
  33  3:43  Drone x2  
  35  3:48  Drone  
  35  3:49  Drone x7, Overlord x2  
  35  3:55  Queen  
  45  4:11  Spore Crawler  
  45  4:12  Spore Crawler  
  45  4:14  Drone  
  45  4:15  Drone x6, Roach Warren  
  49  4:19  Spore Crawler, Zergling x4  
  50  4:26  Zergling x2  
  50  4:27  Zergling x4  
  50  4:28  Overlord  
  53  4:33  Queen  
  53  4:38  Drone x3  
  58  4:47  Drone  
  58  4:48  Drone x4  
  62  4:54  Zergling x2  
  62  4:59  Extractor  
  62  5:01  Lair  
  62  5:04  Drone x6  
  62  5:05  Drone x2, Extractor  
  67  5:15  Roach x2  
  67  5:16  Roach x3  
  77  5:23  Queen  
  79  5:35  Roach x3  
  83  5:36  Zergling x12  
  83  5:41  Extractor  
  88  5:43  Evolution Chamber, Extractor  
  88  5:45  Evolution Chamber  
  88  5:48  Roach  
  88  5:49  Roach  
  89  5:50  Overlord x3  
  89  6:07  Hatchery  
  88  6:13  Drone x8  
  88  6:15  Zergling x4  
  88  6:16  Zergling x4  
  100  6:20  Hydralisk Den  
  100  6:22  Infestation Pit  
  100  6:24  Drone x4  
  102  6:27  Zerg Melee Weapons Level 1  
  102  6:28  Drone x3  
  103  6:49  Drone x2  
  103  6:50  Drone x2  
  107  6:54  Zergling x8  
  107  6:55  Roach  
  105  7:15  Zergling x2  
  105  7:16  Hydralisk x2, Zergling x8  
  105  7:22  Hatchery  
  105  7:23  Extractor  
  105  7:24  Extractor  
  105  7:25  Hydralisk x4  
  102  7:36  Hydralisk  
  91  7:39  Hydralisk x5  
  98  7:46  Muscular Augments  
  98  7:52  Hydralisk x4  
  98  7:55  Zergling x2  
  98  7:56  Zergling x2, Overlord  
  106  8:05  Overlord x2  
  106  8:06  Overlord x2  
  106  8:09  Hatchery  
  106  8:11  Glial Reconstitution  
  105  8:14  Hive  
  105  8:16  Zergling x10  
  109  8:21  Spore Crawler  
  109  8:27  Zergling x8  
  106  8:38  Zergling x2  
  106  8:39  Zergling x2  
  106  8:40  Queen  
  99  8:45  Zergling x22  
  99  8:46  Queen, Zergling x4  
  114  8:50  Grooved Spines  
  114  8:54  Hydralisk  
  114  8:55  Hydralisk x3  
  117  8:57  Overseer  
  117  8:58  Overlord  
  116  9:06  Hydralisk  
  116  9:07  Hydralisk x3  
  123  9:15  Queen  
  122  9:17  Drone  
  122  9:18  Drone x8  
  128  9:27  Drone  
  128  9:28  Drone x2  
  128  9:33  Roach, Lurker Den  
  128  9:34  Roach x3  
  135  9:40  Drone x2  
  137  9:51  Queen  
  134  9:58  Zergling x14  
  134  9:59  Zergling x4  
  135  10:06  Zergling x18  
  142  10:07  Hydralisk  
  142  10:08  Hydralisk  
  138  10:26  Drone x7  
  143  10:29  Zergling x10  
  143  10:34  Drone x3  
  146  10:38  Hatchery  
  146  10:39  Seismic Spines  
  146  10:41  Zerg Missile Weapons Level 1  
  142  10:45  Hydralisk  
  142  10:46  Hydralisk x4  
  142  10:47  Drone  
  142  10:48  Drone  
  142  10:49  Extractor  
  145  10:59  Hydralisk x4  
  145  11:02  Overseer  
  142  11:07  Zergling x8  
  142  11:08  Zergling x2  
  145  11:17  Lurker x2  
  145  11:18  Lurker x2  
  125  11:30  Hydralisk  
  125  11:31  Hydralisk x5  
  132  11:33  Lurker x7  
  139  11:40  Roach x6  
  139  11:42  Overlord x5  
  151  11:51  Hydralisk  
  150  11:56  Extractor x2  
  141  12:15  Hydralisk x7  
  128  12:40  Zergling x8  
  132  12:47  Hatchery, Lurker  
  132  12:48  Hatchery, Lurker x4  
  134  12:59  Hatchery  
  133  13:10  Drone  
  133  13:11  Drone x2  
  126  13:29  Adaptive Talons  
  120  13:37  Overseer  
  120  13:50  Overlord  
  120  13:51  Hydralisk, Overlord  
  98  14:06  Hydralisk x3  
  104  14:16  Drone  
  104  14:17  Drone x3  
  108  14:19  Lurker x3  
  108  14:23  Zergling x2  
  108  14:24  Zergling x6  
  104  14:37  Hydralisk x4, Lurker  
  104  15:04  Hydralisk x5  
  109  15:13  Hydralisk  
  109  15:14  Drone  
  103  15:21  Lurker  
  103  15:22  Lurker x2  
  103  15:24  Zergling x2  
  85  15:44  Drone x2  
  85  15:45  Drone x5  
Show
View Real Time Build Order
Export as new Build Order

pOchOlO Protoss - Winner!

Build Orders: 1 Gate Expand, Oracle Opening 

Get SALT Encoding   

  12  0:00  Probe  
  13  0:12  Probe  
  14  0:20  Pylon  
  14  0:24  Probe  
  15  0:34  Probe  
  15  0:41  Gateway  
  15  0:42  Probe  
  16  0:47  Assimilator  
  17  0:52  Probe  
  18  1:04  Probe  
  19  1:22  Probe  
  20  1:28  Nexus  
  20  1:34  Assimilator  
  20  1:41  Cybernetics Core  
  20  1:49  Pylon  
  20  1:50  Probe  
  21  2:02  Probe  
  22  2:14  Probe  
  23  2:26  Adept  
  23  2:27  Probe  
  25  2:37  Stargate  
  25  2:40  Warp Gate, Probe  
  25  2:41  Probe  
  27  2:48  Probe  
  27  2:49  Probe  
  27  2:56  Adept, Probe  
  27  2:57  Probe  
  33  3:08  Probe x2  
  35  3:16  Probe x2  
  35  3:23  Oracle  
  35  3:24  Probe x2  
  42  3:35  Probe  
  42  3:36  Probe  
  44  3:47  Probe  
  44  3:48  Probe  
  44  3:52  Twilight Council  
  44  3:55  Nexus  
  44  3:56  Pylon  
  44  3:59  Probe  
  44  4:00  Probe  
  46  4:03  Gateway  
  46  4:04  Forge  
  46  4:10  Blink  
  46  4:14  Oracle  
  49  4:18  Shield Battery  
  49  4:24  Pylon  
  49  4:25  Probe x2  
  49  4:28  Assimilator  
  49  4:30  Assimilator  
  51  4:31  Protoss Ground Weapons Level 1  
  51  4:38  Probe  
  52  4:40  Adept  
  54  4:46  Probe  
  54  4:50  Probe  
  56  4:57  Gateway  
  56  4:59  Gateway  
  56  5:02  Probe  
  56  5:05  Gateway  
  56  5:06  Gateway, Probe  
  58  5:14  Probe  
  58  5:19  Probe x2  
  61  5:22  Gateway  
  61  5:25  Pylon  
  61  5:26  Probe  
  62  5:31  Probe x2  
  64  5:38  Probe  
  65  5:43  Probe x2  
  67  5:50  Gateway, Probe  
  67  5:52  Gateway  
  67  5:55  Probe  
  69  5:57  Probe  
  69  6:00  Pylon, Assimilator  
  69  6:03  Probe  
  70  6:15  Stalker x6  
  82  6:19  Pylon  
  82  6:20  Pylon  
  82  6:23  Pylon, Stalker  
  84  6:42  Stalker x5  
  84  6:43  Stalker  
  96  7:07  Stalker x6  
  100  7:24  Probe  
  100  7:25  Probe x2  
  100  7:29  Stalker x3  
  103  7:30  Stalker x6  
  103  7:36  Probe  
  112  7:37  Probe  
  107  7:48  Protoss Ground Weapons Level 2  
  107  7:51  Assimilator  
  107  7:53  Templar Archives, Gateway  
  107  7:57  Gateway  
  107  8:00  Charge  
  107  8:01  Gateway  
  107  8:16  Nexus  
  107  8:17  Pylon  
  107  8:21  Pylon x2  
  105  8:27  Psionic Storm  
  99  8:44  Photon Cannon  
  99  8:45  Photon Cannon  
  99  8:47  Shield Battery  
  99  8:51  Photon Cannon  
  99  8:59  High Templar  
  99  9:00  High Templar x3  
  99  9:01  Zealot x5  
  99  9:02  Zealot x3  
  123  9:04  Probe x2  
  123  9:09  Pylon  
  125  9:22  Stalker x6  
  125  9:23  Stalker x2  
  141  9:41  Fleet Beacon  
  141  9:44  Pylon  
  119  10:14  High Templar x3  
  119  10:15  High Templar, Zealot x4  
  119  10:16  Zealot, Stalker x2  
  117  10:48  Stalker x7  
  117  10:49  Stalker x3  
  121  11:08  Stalker x2  
  125  11:16  Zealot  
  125  11:17  Zealot x9  
  143  11:34  Zealot x2  
  147  11:47  Robotics Facility x2  
  147  11:48  Robotics Facility  
  147  12:14  Pylon  
  135  12:16  Pylon  
  135  12:19  Pylon  
  133  12:28  Immortal x3  
  133  12:33  Oracle  
  133  12:36  Protoss Ground Weapons Level 3  
  148  12:45  Mothership  
  132  12:59  Immortal x3  
  130  13:14  Oracle  
  141  13:41  Immortal x3  
  131  14:03  Archon  
  131  14:13  Assimilator x2  
  131  14:19  Zealot x6  
  131  14:20  Zealot x2  
  144  14:37  Immortal x3  
  144  14:38  Probe  
  143  14:46  Zealot x3  
  161  14:55  High Templar x3  
  161  14:56  High Templar  
  157  15:16  Immortal  
  157  15:20  Pylon  
  157  15:21  Immortal x2  
  169  15:22  Nexus  
  169  15:23  Pylon x2  
Tags
 
Add a new tag
Caveats
  • Supply blocks, unpowered buildings, or Contaminate may cause inaccurate times.
  • Supply counts are checked every 10 seconds.